 Dungeon Crawl Stone Soup version 0.29-a0-414-g5075937ec3 (webtiles) character file.

Game seed: 238046060342870073

16 marklar909 the Skirmisher (level 2, -1/25 HPs)
             Began as a Palentonga Fighter on May 16, 2022.
             Slain by a gnoll
             ... wielding a +0 flail
              (3 damage)
             ... on level 2 of the Dungeon.
             The game lasted 00:00:31 (873 turns).

marklar909 the Skirmisher (Palentonga Fighter)       Turns: 873, Time: 00:00:32

Health: -1/25      AC:  6    Str: 19    XL:     2   Next: 41%
Magic:  2/2        EV:  7    Int:  8    God:
Gold:   45         SH:  4    Dex:  9    Spells: 1/1 levels left

rFire   . . .      SeeInvis +   a - +0 flail
rCold   . . .      Faith    .   c - +0 buckler
rNeg    . . .      Spirit   .   b - +0 scale mail
rPois   .          Reflect  .   (no helmet)
rElec   .          Harm     .   (no cloak)
rCorr   .          Rampage  .   (no gloves)
Will    .....                   (no barding)
Stlth   ..........              (no amulet)
HPRegen 0.08/turn               (no ring)
MPRegen 0.08/turn               (no ring)

@: no status effects
A: large, rugged brown scales 3, see invisible, deformed body, roll 1, armoured
tail
a: Rolling Charge


You were on level 2 of the Dungeon.
You visited 1 branch of the dungeon, and saw 2 of its levels.

You collected 45 gold pieces.

Inventory:

Hand Weapons
 a - a +0 flail (weapon)
Armour
 b - a +0 scale mail (worn)
 c - a +0 buckler (worn)
Scrolls
 e - a scroll of vulnerability {unknown}
 g - a scroll of blinking {unknown}
 h - a scroll of noise {unknown}
Potions
 d - a potion of might
 f - a potion of brilliance {unknown}
 i - a potion of curing {unknown}
 j - a potion of attraction {unknown}


   Skills:
 + Level 3.2 Fighting
 + Level 2.1 Maces & Flails
 + Level 2.6 Armour
 + Level 3.0 Shields


You had one spell level left.
You didn't know any spells.
Your spell library was empty.

Dungeon Overview and Level Annotations

Branches:
Dungeon (2/15)

Altars:


Innate Abilities, Weirdness & Mutations

You are completely covered in rugged brown scales. (AC +3, +7% HP)
You have supernaturally acute eyesight. (SInv)
Armour fits poorly on your strangely shaped body.
You can roll at nearby foes to attack.
You have a long armoured tail.


Message History

Done exploring.
No target in view!
Done exploring.
No target in view!
Done exploring.
(D) Dungeon
Where to? (? - help)
There is a stone staircase leading down here.
You climb downwards.
The gnoll shouts! x2; You hear an angry hiss.
Found a potion of might.
Found a stone staircase leading down.
There is a stone staircase leading up here.
There are monsters nearby!
There are monsters nearby!
There are monsters nearby!
You closely miss the bat. You tail-slap the bat.
The bat is moderately wounded.
The bat hits you but does no damage. x2
You miss the bat. You tail-slap the bat.
You kill the bat!
A dart slug comes into view.
The gnoll hits you from afar with a +0 spear.
A bat comes into view.
The gnoll hits you with a +0 spear.
You closely miss the gnoll. The bat hits you but does no damage. x2
The gnoll hits you with a +0 spear. The dart slug launches a dart at you.
The slug dart hits you. The gnoll hits you but does no damage.
Unknown command.
You barely miss the gnoll. The bat hits you but does no damage.
You block the bat's attack. The gnoll hits you with a +0 club.
The gnoll closely misses you.
Unknown command.
You are too injured to fight recklessly!
Unknown command.
Unknown command.
The gnoll attacks as you move away! The gnoll hits you with a +0 spear!
* * * LOW HITPOINT WARNING * * *
The gnoll hits you with a +0 flail.
You die...

# ######
##.###....
#........#
#.......!#
.........#
......g.@#
......gg##
.......b#
#...w...#
...>.....
##.######
... ##


You could see 3 gnolls, a dart slug and a bat.

Vanquished Creatures
  A dart slug (D:1)
  2 ball pythons (D:1)
  2 bats
  A giant cockroach (D:1)
  A goblin (D:1)
  2 hobgoblins (D:1)
  2 kobolds (D:1)
  A rat (D:1)
12 creatures vanquished.

Notes
Turn   | Place    | Note
-------+----------+-------------------------------------------
     0 | D:1      | marklar909 the Palentonga Fighter began the quest for the
                  | Orb.
     0 | D:1      | Reached XP level 1. HP: 19/19 MP: 1/1
   206 | D:1      | Noticed an eye of devastation
   208 | D:1      | Found a faded altar of an unknown god.
   210 | D:1      | Reached XP level 2. HP: 25/25 MP: 2/2
   211 | D:1      | Noticed a great orb of eyes
   211 | D:1      | Noticed an eye of devastation
   211 | D:1      | Noticed a shining eye
   873 | D:2      | Slain by a gnoll

Illustrated notes

Levels and vault maps discovered:
D:1:      minmay_arrival_nine_rooms, layout_basic,
          hellmonk_ecumenical_altar_watching_god, minmay_misc_feat_rugged
D:2:      layout_rooms, serial_shops, shop, serial_co_window_serial,
          co_window_of_opportunity_a, co_window_cross_1, co_window_corner_a,
          co_window_corner_a, co_window_paths_b, co_window_of_opportunity_b,
          co_window_corner_ca, co_window_corner_ca, co_window_cross_3,
          co_window_corner_b, co_window_corner_ca, glass_columns_a,
          glass_columns_b, uniq_jessica

Skill      XL: |  1  2 |
---------------+-------+-----
Shields        | 3 |  3.0
Fighting       | |  3.2
Maces & Flails | |  2.1
Armour         | |  2.6

Action                   || total
-------------------------++-------
Melee: Flail             ||    36
       Tailslap          ||     4
Armor: Scale mail        ||    27
Dodge: Dodged            ||    21
Block: Buckler           ||    14

Table legend: (Time is in decaauts)
 A = Elapsed time spent in this place.
 B = Non-inter-level travel time spent in this place.
 C = Inter-level travel time spent in this place.
 D = Time resting spent in this place.
 E = Time spent auto-exploring this place.
 F = Levels seen in this place.
 G = Mean time per level.
                   A        B        C        D        E       F      G
               +--------+--------+--------+--------+--------+-----+--------+
         Total |    884 |    874 |     10 |      0 |    761 |   2 |  442.0 |
       Dungeon |    884 |    874 |     10 |      0 |    761 |   2 |  442.0 |
               +--------+--------+--------+--------+--------+-----+--------+

Top non-repeatable levels by time:
     D:1: 877 daAuts
     D:2: 7 daAuts
